Map: Echo LE (Void)

Players

Classic

  • Race: Protoss Protoss
  • Spawn Location: 11:00

INnoVation - Winner!

  • Race: Terran Terran
  • League: Grandmaster
  • Spawn Location: 5:00

VOD

Have the link to the VOD?

Description

Time

  • Played on: Dec. 2, 2016, 9:13 a.m.
  • Length: 8:31
Show
View Real Time Build Order
Export as new Build Order

Classic Protoss 

Build Orders: 1 Gate Expand, Phoenix Opening 

Get SALT Encoding   

  12  0:01  Probe (Chrono Boost)  
  13  0:11  Probe (Chrono Boost)  
  14  0:18  Pylon  
  14  0:22  Probe (Chrono Boost)  
  15  0:36  Probe (Chrono Boost)  
  15  0:37  Gateway  
  15  0:42  Assimilator  
  16  0:46  Probe (Chrono Boost)  
  18  0:57  Probe (Chrono Boost)  
  18  1:07  Probe (Chrono Boost)  
  19  1:18  Probe (Chrono Boost)  
  20  1:22  Nexus  
  20  1:31  Cybernetics Core  
  20  1:34  Probe (Chrono Boost)  
  21  1:40  Assimilator  
  21  1:45  Probe (Chrono Boost)  
  22  1:50  Pylon  
  22  1:55  Probe (Chrono Boost)  
  25  2:08  Adept, Mothership Core (Chrono Boost)  
  27  2:18  Warp Gate  
  27  2:27  Probe (Chrono Boost)  
  28  2:36  Probe (Chrono Boost)  
  29  2:37  Adept, Probe (Chrono Boost)  
  32  2:46  Probe (Chrono Boost)  
  32  2:48  Probe (Chrono Boost)  
  34  2:53  Stargate  
  34  2:57  Probe (Chrono Boost)  
  36  2:58  Probe (Chrono Boost)  
  36  3:04  Adept  
  38  3:07  Probe (Chrono Boost)  
  38  3:09  Probe (Chrono Boost)  
  40  3:18  Probe (Chrono Boost)  
  40  3:19  Probe (Chrono Boost)  
  42  3:21  Pylon  
  42  3:28  Probe (Chrono Boost)  
  42  3:30  Probe (Chrono Boost)  
  44  3:38  Phoenix (Chrono Boost), Nexus  
  46  3:46  Gateway  
  46  3:47  Probe  
  46  3:48  Probe  
  48  4:00  Phoenix (Chrono Boost), Robotics Facility  
  50  4:04  Probe  
  50  4:05  Probe  
  50  4:07  Pylon  
  52  4:10  Assimilator  
  52  4:14  Assimilator  
  52  4:22  Phoenix (Chrono Boost)  
  52  4:24  Probe  
  54  4:25  Probe  
  54  4:26  Stalker  
  58  4:38  Probe  
  58  4:40  Probe  
  41  4:45  Phoenix (Chrono Boost)  
  62  4:49  Probe  
  62  4:50  Pylon, Observer  
  62  4:51  Probe  
  62  4:52  Pylon, Probe  
  66  4:57  Pylon  
  66  5:01  Stalker  
  66  5:06  Stalker  
  70  5:07  Pylon  
  70  5:08  Phoenix (Chrono Boost)  
  70  5:11  Pylon  
  59  5:24  Stalker  
  61  5:30  Stalker, Phoenix (Chrono Boost)  
  61  5:35  Gateway  
  65  5:48  Phoenix, Observer (Chrono Boost), Gateway  
  65  5:49  Adept  
  68  5:50  Pylon  
  68  5:55  Adept  
  72  6:03  Nexus  
  72  6:05  Pylon  
  72  6:15  Robotics Bay  
  72  6:16  Probe x2 (Chrono Boost)  
  74  6:21  Phoenix  
  76  6:27  Probe x2 (Chrono Boost)  
  78  6:37  Probe (Chrono Boost), Adept, Sentry x2  
  78  6:38  Probe (Chrono Boost)  
  86  6:40  Pylon  
  86  6:47  Adept  
  86  6:48  Probe x2 (Chrono Boost)  
  90  6:54  Assimilator  
  90  6:58  Probe x2 (Chrono Boost)  
  92  7:01  Colossus (Chrono Boost)  
  92  7:06  Adept x3  
  104  7:14  Pylon  
  104  7:17  Sentry  
  104  7:19  Pylon  
  106  7:25  Pylon  
  104  7:30  Stalker x3  
  110  7:43  Stalker  
  112  7:55  Stalker, Zealot  
  112  7:57  Stalker  
  118  7:59  Probe x2  
  118  8:00  Probe  
  118  8:03  Gateway  
  111  8:17  Adept x2  
Show
View Real Time Build Order
Export as new Build Order

INnoVation Terran - Winner!

Build Orders: Liberator Opening, Reaper Expand, MMM Bio 

Get SALT Encoding   

  12  0:00  SCV  
  13  0:12  SCV  
  14  0:17  Supply Depot  
  14  0:24  SCV  
  14  0:27  Refinery  
  15  0:38  SCV  
  16  0:44  Barracks  
  16  0:50  SCV  
  17  1:02  SCV  
  18  1:15  SCV  
  19  1:30  Orbital Command  
  19  1:31  Reaper  
  20  1:42  Command Center  
  20  1:52  Factory  
  20  1:56  SCV  
  21  2:04  Refinery  
  21  2:06  Barracks Reactor  
  21  2:08  SCV  
  21  2:14  Supply Depot  
  22  2:20  SCV  
  23  2:35  SCV  
  23  2:36  Starport  
  24  2:40  Widow Mine  
  24  2:41  Marine x2  
  28  2:48  SCV  
  29  2:53  Orbital Command  
  29  3:00  SCV, Marine x2  
  32  3:08  Widow Mine  
  32  3:12  SCV  
  35  3:13  Medivac  
  35  3:18  Marine x2  
  39  3:20  SCV  
  39  3:24  SCV  
  41  3:28  Supply Depot  
  41  3:32  SCV  
  42  3:36  SCV  
  42  3:37  Factory Tech Lab  
  42  3:38  Barracks  
  43  3:42  Liberator  
  43  3:45  SCV  
  43  3:48  SCV, Marine  
  45  3:49  Marine  
  45  3:51  Supply Depot  
  47  3:56  Cyclone  
  53  4:04  SCV  
  53  4:08  Supply Depot  
  54  4:13  SCV, Marine x2  
  57  4:18  Engineering Bay  
  57  4:24  SCV  
  58  4:25  SCV  
  58  4:27  Barracks Tech Lab  
  58  4:28  Cyclone  
  58  4:30  Marine x2  
  64  4:32  Liberator  
  64  4:33  Supply Depot  
  64  4:37  SCV  
  64  4:38  SCV  
  66  4:44  Supply Depot  
  64  4:47  Marine  
  64  4:48  Marine x2  
  70  4:55  SCV x2, Supply Depot  
  72  5:03  Stimpack  
  72  5:05  Marine  
  72  5:06  Marine x2  
  75  5:10  Refinery  
  75  5:13  Barracks  
  74  5:19  SCV x2  
  74  5:23  Marine  
  74  5:24  Marine x2  
  74  5:25  Factory Reactor  
  74  5:27  Supply Depot  
  77  5:28  Refinery  
  77  5:31  SCV x2  
  77  5:35  Terran Infantry Weapons Level 1  
  74  5:43  SCV x2  
  74  5:44  Marauder, Marine x2  
  80  5:54  Starport Reactor  
  80  5:55  SCV x2  
  82  5:58  Supply Depot  
  82  6:02  Marine  
  82  6:03  Marine  
  84  6:05  Marauder  
  84  6:07  SCV, Combat Shields  
  84  6:08  SCV, Widow Mine x2, Marauder  
  94  6:15  Supply Depot  
  94  6:18  Missile Turret  
  94  6:20  SCV x2  
  92  6:29  Marine x2  
  92  6:30  Marauder x2, Medivac  
  92  6:31  Medivac  
  102  6:34  SCV x2  
  104  6:40  Widow Mine x2  
  104  6:42  Supply Depot  
  104  6:45  Missile Turret  
  107  6:49  SCV x2  
  107  6:50  Marine x2  
  107  6:53  Marauder x2  
  114  7:02  Medivac x2  
  114  7:04  Concussive Shells  
  118  7:09  Supply Depot  
  118  7:10  Supply Depot, Marine x2  
  118  7:14  Widow Mine x2  
  124  7:17  Marauder  
  126  7:27  Liberator  
  126  7:28  Command Center  
  126  7:29  Supply Depot  
  126  7:31  Marauder  
  126  7:39  Marauder, Marine x2  
  127  7:52  Marauder  
  127  7:56  SCV x2  
  127  7:57  Widow Mine, Marine x2  
  138  8:00  Supply Depot  
  138  8:01  Widow Mine  
Tags
 
Add a new tag
Caveats
  • Supply blocks, unpowered buildings, or Contaminate may cause inaccurate times.
  • Supply counts are checked every 10 seconds.